Cogmind - Beta 16 @@@ ROGUE MODE // 2025.12.11 @ 09:12:05 Player: EuleBlut Result: Destroyed by Y-45 Defender with Beam Rifle Performance ------------- Evolutions (2) 1000 Regions Visited (4) 800 Robots Destroyed (44) 220 Value Destroyed (1363) 1363 Prototype IDs (2) 40 Alien Tech Used (0) 0 Bonus (50) 50 TOTAL SCORE: 3473 Bonus ------- Follower Combat Kills 50 Cogmind --------- Core Integrity 0/550 Matter 281/300 Energy 100/100 System Corruption 0% Temperature Cool (9) Movement Core (1350) Ox26 Location -8/Materials Parts ------- > --- POWER (1) -------- (None) > --- PROPULSION (2) --- (None) > --- UTILITY (6) ------ Huge Storage Unit Improved Targeting Computer Graphene Brace > --- WEAPON (2) ------- (None) > --- INVENTORY (25) --- Small Storage Unit Large Storage Unit Improved Terrain Scanner Peak State ------------ > --- POWER ------------ Light Ion Engine > --- PROPULSION ------- Compact Wheel Compact Wheel > --- UTILITY ---------- Large Storage Unit High-capacity Matter Pod Weapon Shielding Hardened Heavy Armor Plating Graphene Brace > --- WEAPON ----------- Heavy EM Shotgun Heavy Assault Rifle > --- INVENTORY -------- Light Ion Engine Wheel Cryofiber Web Small Storage Unit Huge Storage Unit Improved Terrain Scanner Reflective Plating Hardlight Generator Dynamic Insulation System Particle Cannon Light Assault Rifle Light Cannon Heavy Assault Cannon [Rating: 30] Favorites ----------- Power Ion Engine Engine Ion Engine Propulsion Light Treads Treads Light Treads Wheel Compact Wheel Utility Large Storage Unit Device Graphene Brace Storage Large Storage Unit Processor Improved Targeting Computer Protection Weapon Shielding Weapon Assault Rifle Energy Gun EM Pulse Gun Energy Cannon Particle Cannon Ballistic Gun Assault Rifle Ballistic Cannon Light Cannon Launcher Grenade Launcher Build | -11 -10 -10 -9 -8 ------- Run | Yrd Mat Min Mat Mat Slots Evolved 4 | . . . 2 2 Power . | . . . . . Propulsion . | . . . . . Utility 4 | . . . 2 2 Weapon . | . . . . . Parts Attached 43 | 6 2 3 11 21 Power 6 | 1 . . 2 3 Engine 6 | 1 . . 2 3 Core . | . . . . . Reactor . | . . . . . Propulsion 7 | 2 . 2 2 1 Treads 2 | 2 . . . . Leg . | . . . . . Wheel 5 | . . 2 2 1 Hover . | . . . . . Flight . | . . . . . Utility 19 | 1 2 1 3 12 Device 6 | . . . 2 4 Storage 4 | 1 1 . . 2 Processor 1 | . . . . 1 Hackware . | . . . . . Protection 8 | . 1 1 1 5 Artifact . | . . . . . Weapon 11 | 2 . . 4 5 Energy Gun 2 | 1 . . . 1 Energy Cannon 1 | . . . . 1 Ballistic Gun 6 | 1 . . 3 2 Ballistic Cannon 1 | . . . . 1 Launcher 1 | . . . 1 . Special Weapon . | . . . . . Impact Weapon . | . . . . . Slashing Weapon . | . . . . . Piercing Weapon . | . . . . . Special Melee Weapon . | . . . . . Unidentified Prototypes 2 | . . . 1 1 Parts Lost 37 | . 1 1 10 25 Power 6 | . . . 2 4 Propulsion 6 | . . 1 2 3 Utility 14 | . 1 . 2 11 Weapon 11 | . . . 4 7 Highest Loss Streak 13 | . 1 1 6 13 To Critical Strikes . | . . . . . Average Backups 9 | 2 8 11 7 10 Power . | . 1 1 1 . Propulsion 2 | 1 2 3 1 . Utility 2 | . 1 1 1 6 Weapon 3 | . 3 5 3 2 Tool/Special . | . . . . . Unused Backups 6 | . . . . 6 Power 1 | . . . . 1 Propulsion . | . . . . . Utility 3 | . . . . 3 Weapon 2 | . . . . 2 Tool/Special . | . . . . . Average Slot Usage (%) 85 | . 92 86 81 83 Engine 11 | . 14 14 10 7 Treads 10 | . 28 16 . . Wheel 10 | . . 3 21 16 Device 5 | . . . 10 10 Storage 14 | . 14 14 11 16 Protection 10 | . 6 9 7 14 Energy Gun 9 | . 14 14 5 6 Ballistic Gun 11 | . 14 14 11 8 Launcher 1 | . . . 3 1 Peak Build Rating 30 | 6 8 9 17 30 Average Rating 13 | 4 6 7 12 23 On Entrance 6 | . 6 7 9 12 Avg Prop Armor Cover (%) . | . . . . . Naked Turns . | . . . . . Heaviest Build 116 | 14 32 30 33 116 Greatest Support 40 | 40 40 40 32 32 Greatest Overweight (x) 31 | . . 1 2 31 Average Overweight (x) . | . . . . 2 Largest Inventory Capacity 25 | 8 15 15 15 25 Average Capacity 16 | 6 14 15 15 19 Most Carried 15 | 5 12 13 14 15 Average Carried 9 | 2 8 12 7 10 Final Capacity 25 | 8 15 15 15 25 Final Carried 14 | 4 12 11 14 3 Class Distribution -------------------- 93% | Mutant 6% | Scavenger-Mutant Dominant Class ---------------- Mutant | -10/Materials Mutant | -10/Mines Mutant | -9/Materials Mutant | -8/Materials Resources | -11 -10 -10 -9 -8 ----------- Run | Yrd Mat Min Mat Mat Matter Collected 1088 | 225 101 38 220 504 Remotely . | . . . . . Salvage Created 1626 | . 289 163 395 779 Parts 100 | . 18 7 29 46 Haulers Intercepted . | . . . . . Recyclers Shooed 2 | . . 1 . 1 Parts Field Recycled . | . . . . . Retrieved Matter . | . . . . . Parts Self-Destructed . | . . . . . Prevented . | . . . . . Parts Restored . | . . . . . Kills | -11 -10 -10 -9 -8 ------- Run | Yrd Mat Min Mat Mat Combat Hostiles Destroyed 38 | . 6 5 8 19 Guns 29 | . 3 5 7 14 Cannons 2 | . . . . 2 AOE 7 | . 3 . 1 3 Classes Destroyed 7 | . 3 1 2 1 Builder 1 | . . . 1 . Operator 1 | . 1 . . . Watcher 4 | . 1 . 1 2 Swarmer 12 | . . 3 . 9 Grunt 22 | . 6 2 7 7 Sentry 3 | . . . 1 2 Heavy 1 | . . . . 1 Best Kill Streak 4 | . 2 3 4 4 Combat Bots Only 4 | . 2 3 4 4 Max Kills in Single Turn 3 | . 2 2 2 3 Gunslinging 1 | . . . . 1 Exploded 3 | . 2 . 1 3 Melee . | . . . . . Uniques/NPCs Destroyed . | . . . . . Combat | -11 -10 -10 -9 -8 -------- Run | Yrd Mat Min Mat Mat Hostile Shots Fired 433 | . 44 34 82 273 Missed 127 | . 15 12 24 76 Hits 306 | . 29 22 58 197 Projectile 306 | . 29 22 58 197 AOE 1 | . . . . 1 Critical Strikes 9 | . . 1 . 8 Actively Blocked 7 | . . . . 7 Damage Taken 4565 | . 339 242 766 3218 Core 766 | . 7 60 144 555 Absorbed by Shields 4 | . . . . 4 Redirected to Shielding 156 | . . 8 43 105 Ignored by Resistances 52 | . . . . 52 Core Remaining (%) 79 | 100 . 73 64 . Volleys Fired 162 | . 17 14 40 91 Largest 2 | . 2 2 2 2 Hottest 98 | . 60 60 60 98 Shots Fired 263 | . 34 28 52 149 Gun 244 | . 34 28 50 132 Cannon 17 | . . . . 17 Launcher 2 | . . . 2 . Special . | . . . . . Kinetic 174 | . 17 14 46 97 Thermal 3 | . . . . 3 Explosive 2 | . . . 2 . Electromagnetic 84 | . 17 14 4 49 Robot Hit Streak 12 | . 3 4 12 12 Robot Miss Streak 5 | . 3 3 4 5 Penetration Max . | . . . . . Secondary Targets 7 | . . 1 3 3 Max Gunslinging Chain 1 | . . 1 1 1 Shots Hit Robots 166 | . 19 15 33 99 Core Hits 91 | . 13 9 23 46 Critical Kills . | . . . . . Critical Parts Destroyed . | . . . . . Critical Strikes 1 | . . . . 1 Blast 1 | . . . . 1 Melee Attacks . | . . . . . Impact . | . . . . . Slashing . | . . . . . Piercing . | . . . . . Sneak Attacks . | . . . . . Combat Hostiles . | . . . . . Follow-up Attacks . | . . . . . Damage Inflicted 3181 | . 447 211 500 2023 Guns 2323 | . 256 200 407 1460 Cannons 249 | . . . . 249 Explosions 598 | . 191 . 93 314 Melee . | . . . . . Ramming 11 | . . 11 . . Kinetic 1416 | . 99 88 355 874 Thermal 518 | . 191 . . 327 Explosive 93 | . . . 93 . Electromagnetic 1143 | . 157 112 52 822 Impact . | . . . . . Slashing . | . . . . . Piercing . | . . . . . Highest Corruption 2 | . . . 2 . Average Corruption 2 | . . . 2 . Corruption Purged . | . . . . . Corruption Blocked . | . . . . . Overload Shots . | . . . . . Overflow Damage 24 | . . . . 24 Projectiles . | . . . . . Explosions 24 | . . . . 24 Melee . | . . . . . Knockbacks 2 | . . . . 2 Impact . | . . . . . Kinetic 2 | . . . . 2 Secondary . | . . . . . Self-Inflicted Damage 121 | . 28 . . 93 Shots 3 | . 1 . . 2 Rammed 3 | . . 3 . . Targets Rammed 3 | . . 3 . . Kicked . | . . . . . Crushed . | . . . . . Highest Temperature 464 | . 93 81 32 464 Average Temperature 94 | . 44 55 18 125 Received Heat Transfer 1560 | . 135 111 396 918 Effects 3 | . . . . 3 Energy Bleed 1 | . . . . 1 Damage (major) 2 | . . . . 2 Siege Activations . | . . . . . Martial Activations . | . . . . . Shielding Activations . | . . . . . Robots Disrupted . | . . . . . Combat Hostiles . | . . . . . Robots Corrupted . | . . . . . Combat Hostiles . | . . . . . Parts Fried 2 | . 1 . . 1 Impact Corruptions . | . . . . . Robots Melted . | . . . . . Combat Hostiles . | . . . . . Parts Melted . | . . . . . Heat Transferred 561 | . 200 . . 361 Parts Sabotaged . | . . . . . Parts Stolen . | . . . . . Parts Stripped . | . . . . . Power Chain Reactions 5 | . 2 . . 3 Alert | -11 -10 -10 -9 -8 ------- Run | Yrd Mat Min Mat Mat Maximum Alert Level 1 | . . . . 1 Low Security (%) 95 | 100 100 100 100 86 Level 1 4 | . . . . 13 Level 2 . | . . . . . Level 3 . | . . . . . Level 4 . | . . . . . Level 5 . | . . . . . High Security . | . . . . . Max Security . | . . . . . Peak Influence 248 | . 89 70 90 248 Initial 20 | . . 14 14 20 Average 44 | . 35 15 29 86 Influence Increases 1168 | . 199 162 220 587 Destroy 0b10 Robot/C 800 | . 120 140 160 380 Destroy 0b10 Robot/NC 30 | . 10 . 10 10 Destroy Leader 178 | . 32 20 32 94 Allied During Kill 2 | . . 2 . . Disable Machine 60 | . 30 . . 30 Destroy Structure 38 | . 7 . 18 13 Lose Combat Pursuer 60 | . . . . 60 Influence Decreases 1061 | . 161 162 208 530 Entered New Map 78 | . . 24 24 30 Time Decay 653 | . 151 108 114 280 Lost Part 310 | . 10 10 70 220 Lost Ally 20 | . . 20 . . Squads Dispatched 8 | . 1 1 2 4 Investigation 3 | . 1 . . 2 Extermination . | . . . . . Reinforcement 3 | . . . 1 2 Assault 2 | . . 1 1 . Garrison . | . . . . . Intercept . | . . . . . Searches Triggered . | . . . . . Construction Impeded 1 | . . . . 1 Haulers Reinforced . | . . . . . Active Scanning Responses . | . . . . . Cargo Convoy Interrupts . | . . . . . Stealth | -11 -10 -10 -9 -8 --------- Run | Yrd Mat Min Mat Mat Distress Signals 7 | . . . 1 6 Communications Jammed . | . . . . . Distress Signals . | . . . . . Times Spotted 69 | . 12 8 12 37 Peak Tracking Total 7 | . 3 4 5 7 Tactical Retreats 3 | . . . . 3 Traps | -11 -10 -10 -9 -8 ------- Run | Yrd Mat Min Mat Mat Traps Triggered 2 | . 1 . 1 . Indirectly . | . . . . . Trap Hack Attempts . | . . . . . Triggered . | . . . . . Disarmed . | . . . . . Reprogrammed . | . . . . . Reused . | . . . . . Traps Extracted . | . . . . . Installed . | . . . . . Triggered . | . . . . . Machines | -11 -10 -10 -9 -8 ---------- Run | Yrd Mat Min Mat Mat Machines Disabled 4 | . 2 . . 2 Max in Single Turn 1 | . 1 . . 1 Machines Repaired . | . . . . . Machines Dismantled . | . . . . . Machines Sabotaged . | . . . . . Overloaded Fab Kills . | . . . . . Hacking | -11 -10 -10 -9 -8 --------- Run | Yrd Mat Min Mat Mat Machines Accessed 2 | . . . . 2 Terminals 2 | . . . . 2 Fabricators . | . . . . . Repair Stations . | . . . . . Recycling Units . | . . . . . Scanalyzers . | . . . . . Garrison Access . | . . . . . Total Hacks 3 | . . . . 3 Successful . | . . . . . Failed 3 | . . . . 3 Catastrophic 1 | . . . . 1 Database Lockouts . | . . . . . Manual 3 | . . . . 3 Terminals 3 | . . . . 3 Fabricators . | . . . . . Repair Stations . | . . . . . Recycling Units . | . . . . . Scanalyzers . | . . . . . Garrison Access . | . . . . . Terminal Hacks . | . . . . . Fabricator Hacks . | . . . . . Repair Station Hacks . | . . . . . Recycling Unit Hacks . | . . . . . Scanalyzer . | . . . . . Garrison Access Hacks . | . . . . . Unauthorized Hacks . | . . . . . Terminals . | . . . . . Fabricators . | . . . . . Repair Stations . | . . . . . Recycling Units . | . . . . . Scanalyzers . | . . . . . Garrison Access . | . . . . . Data Cores Recovered 1 | . 1 . . . Used . | . . . . . Hacking Detections 2 | . . . . 2 Full Trace Events . | . . . . . Feedback Events . | . . . . . Feedback Blocked . | . . . . . Robot Schematics Acquired . | . . . . . Robots Built . | . . . . . Authchips . | . . . . . Time . | . . . . . Total Robot Build Rating . | . . . . . Part Schematics Acquired . | . . . . . Parts Built . | . . . . . Authchips . | . . . . . Time . | . . . . . Total Part Build Rating . | . . . . . Part Studies Acquired . | . . . . . Parts Repaired . | . . . . . Time . | . . . . . Parts Recycled . | . . . . . Recycled Matter . | . . . . . Retrieved Matter . | . . . . . Retrieved Components . | . . . . . Parts Scanalyzed . | . . . . . Part Schematics Acquired . | . . . . . Parts Damaged . | . . . . . Bothacking | -11 -10 -10 -9 -8 ------------ Run | Yrd Mat Min Mat Mat Used RIF Installer . | . . . . . Robots Hacked . | . . . . . Non-combat . | . . . . . Combat . | . . . . . Robot Hacks Applied . | . . . . . Relay Couplers Released . | . . . . . Fabnet Peak Effective % . | . . . . . Robots Rewired . | . . . . . Allies Hacked . | . . . . . Hacks Repelled . | . . . . . Allies | -11 -10 -10 -9 -8 -------- Run | Yrd Mat Min Mat Mat Total Allies 1 | . . 1 . . Largest Group 1 | . . 1 . . Highest-Rated Group 31 | . . 31 . . Highest-Rated Ally 31 | . . 31 . . Total Orders . | . . . . . Ally Attacks 12 | . . 12 . . Total Damage 191 | . . 191 . . Kills 2 | . . 2 . . Allies Corrupted . | . . . . . Allies Melted . | . . . . . Intel | -11 -10 -10 -9 -8 ------- Run | Yrd Mat Min Mat Mat Active Infowar (turns) 260 | . . . 260 . Sensors 260 | . . . 260 . Robot Analysis Total . | . . . . . Derelict Logs Recovered . | . . . . . Drone Launches . | . . . . . Drone Recoveries . | . . . . . Exploration | -11 -10 -10 -9 -8 ------------- Run | Yrd Mat Min Mat Mat Turns Passed 2298 | 88 557 465 490 698 Spaces Moved 1012 | 49 310 220 179 254 Core 7 | 5 . . . 2 Treads 518 | 44 310 164 . . Legs . | . . . . . Wheels 487 | . . 56 179 252 Hover . | . . . . . Flight . | . . . . . Fastest Speed 50 | 50 160 95 95 115 Average Speed 147 | 148 160 176 104 138 Slowest Speed 1600 | 160 160 240 115 1600 Overloaded Moves . | . . . . . Propulsion Burnouts . | . . . . . Robots Hopped . | . . . . . Potential Cave-ins . | . . . . . Cave-ins Triggered . | . . . . . Exploration Rate (%) 26 | 5 50 45 13 19 Regions Visited 4 Branch Regions 1 Pre-discovered Areas . | . . . . . Known Exits Taken . | . . . . . Unknown Exits Taken 4 | 1 1 1 1 . Scrap Searched 1 | . . 1 . . Spaces Dug . | . . . . . Terrain Destroyed 37 | . 7 . 17 13 Melee . | . . . . . Projectile . | . . . . . AOE 37 | . 7 . 17 13 Terrain Rammed . | . . . . . Walls Destroyed . | . . . . . Machines Disabled . | . . . . . Actions | -11 -10 -10 -9 -8 --------- Run | Yrd Mat Min Mat Mat Total 1565 | 64 337 264 434 466 Wait 291 | . . 22 189 80 Move 1008 | 48 309 219 178 254 Hop . | . . . . . Pick Up 50 | 10 9 2 15 14 Fast Attach . | . . . . . Attach 41 | 6 1 3 11 20 Detach . | . . . . . Swap 3 | . 1 . . 2 Drop 7 | . . 1 1 5 Fire 162 | . 17 14 40 91 Melee . | . . . . . Ram . | . . . . . Kick . | . . . . . Crush 3 | . . 3 . . Escape Stasis . | . . . . . Rewire . | . . . . . Trap . | . . . . . Miscellaneous . | . . . . . Route ------- -11/Scrapyard -10/Materials (discovered 3 exits: [*Mat x2] / [*Min]) -10/Mines -9/Materials -8/Materials History --------- Turn | Location | Event 13 | -11/Scrapyard | Discovered new exit (range 15) 89 | -11/Scrapyard | Entered Materials 318 | -10/Materials | Build established: Mutant 363 | -10/Materials | Discovered new exit (range 12) 538 | -10/Materials | Discovered new exit (range 16) 562 | -10/Materials | Discovered new exit (range 15) 646 | -10/Materials | Entered Mines 678 | -10/Mines | Met a Derelict testing a Signal Generator 686 | -10/Mines | Found Signal Generator 1027 | -10/Mines | Found a damaged Exp. Sensor Array with a note attached 1032 | -10/Mines | Found Prototype Device 1049 | -10/Mines | A weapon hastily lodged in a ceiling crevice suddenly fell to the ground 1107 | -10/Mines | Discovered new exit (range 4) 1111 | -10/Mines | Entered Materials 1111 | -9/Materials | Evolved 2 slots: Utility x2 1111 | -9/Materials | Identified Exp. Sensor Array 1411 | -9/Materials | Lost 6 parts (1p2u3w) 1466 | -9/Materials | Lost 4 parts (1p2n1w) 1563 | -9/Materials | Discovered new exit (range 16) 1601 | -9/Materials | Entered another Materials area 1601 | -8/Materials | Evolved 2 slots: Utility x2 1756 | -8/Materials | Lost 6 parts (1p3u2w) 2137 | -8/Materials | Lost 4 parts (1p1n1u1w) 2259 | -8/Materials | Core integrity fell below 50% 2294 | -8/Materials | Core integrity fell below 20% 2299 | -8/Materials | Destroyed by Y-45 Defender with Beam Rifle Last Messages --------------- Lgt. Assault Rifle destroyed. Y-45 Defender destroyed. Terminal disabled. G-47 Trooper knocked back. Hcp. Matter Pod destroyed. Lgt. Cannon destroyed. G-47 Trooper destroyed. M-13 Machinist repairs G-47 Trooper. Cryofiber Web destroyed. M-13 Machinist repairs G-47 Trooper Aluminum Leg. Reflective Plating destroyed. K-01 Serf collects debris. Fusion Modulator explodes. Y-45 Defender destroyed. M-13 Machinist destroyed. Particle Cannon destroyed. Hardlight Generator destroyed. A-02 Transporter destroyed. K-01 Serf destroyed. Map ----- +----------------------------------------------------+ | ?????????????????????????????????????????????????? | | ?????????????????????????????????????????????????? | | ?????????????????????????????????????????????????? | | ?????????????????????????????????????????????????? | | ?????????????????????????????????????????????????? | | ?????????????????????????????????????????????????? | | ???????????????????????????????????????????????#?? | | ?????????????????????????????########????????? #?? | | ?????????????????????????????# ! #????????# +?? | | ?????????????????????????????# #????????# #?? | | ?????????????????????????????# #???????## ### | | ?????????????????????????????# ! #???????# | | ?????????????????????????????# % ######### | | ?????????????????#######?????# %= + | | ?????????????????# ##########+### | | ?????????????????# % = | | ?????????????????# =% | | ?????????????????# %= ###### | | ?????????????????# ###################+#####?? | | ?????????????????## ##??????????????# ! #?? | | ??????????????????# #???????????????# """ | | ??????????????????# #???????????????# !%= | | ??????????????????# ##########??????# ""# | | ??????????????????# # #??????# ### | | ??????????????????# #[[* " #??????# #?? | | ?????????#### ##### ; %@= #??????# #?? | | ????? urw %%=*[[ #??????# #?? | | ????? u =!;=Y== ;#?????# #?? | | ????? u !;%=!Y ;#?????##########?? | | ?????? ###"T"####+###;== ;#????????????????? | | ??????????###???????? !=* ;#????????????????? | | ????????????????????" ; ;#????????????????? | | ???????????????????T" ;;;;;;;;;##????????????????? | | ?????????????????? ; #?????????????????? | | ??????????????????! ##########?????????????????? | | ?????????????????? !???????????????????????????? | | ??????????????????####???????????????????????????? | | ?????????????????????????????????????????????????? | | ?????????????????????????????????????????????????? | | ?????????????????????????????????????????????????? | | ?????????????????????????????????????????????????? | | ?????????????????????????????????????????????????? | | ?????????????????????????????????????????????????? | | ?????????????????????????????????????????????????? | | ?????????????????????????????????????????????????? | | ?????????????????????????????????????????????????? | | ?????????????????????????????????????????????????? | | ?????????????????????????????????????????????????? | | ?????????????????????????????????????????????????? | | ?????????????????????????????????????????????????? | +----------------------------------------------------+ Best States ------------- Heat Dissipation 45 Energy Generation 10 Energy Capacity 250 Matter Stores 500 Matter Capacity 500 Sight Range 16 Robot Scan Range 20 Terrain Scan Density 10 Base Temperature (-) 100 Armor Coverage 600 Resistance: TH 10 Weapon Shielding 33 Evasion (%) 41 Targeting Accuracy 6 Recoil Reduction 2 Item Schematics ----------------- None Robot Schematics ------------------ None Fabricated ------------ Nothing Repaired ---------- Nothing Studied --------- None Alien Tech Used ----------------- None Achievements -------------- Hydra I Laugh At Your Crits Challenges ------------ None Game ------ Seed DirtyLaserShearcannon Manual? 0 Play Time 00:27:39 Cumulative 5.8 hours Start 2025.12.11 @ 08:34:49 End 2025.12.11 @ 09:12:05 Sessions 1 Manual Loads 0 Difficulty Rogue Special Mode None Game No. 16 Rogue 15 Adventurer 0 Explorer 1 Win Type - Total 0 Types 0/0/0/0/0/0/0/0/0/0 Lore% 8 Gallery% 9 Achievement% 9 Wizard Run 0 Options --------- Layout 1 ASCII 0 Keyboard 0 Movement Mouse Keybinds 0 Fullscreen 2 Font 24/Smallcaps Map View 25x17 Zoom Use 41% Tactical HUD 0 Map Filters NONE Filters NONE Steam 1 RUN: 0f23499e-0d86-46b8-afd2-5bcc7160200c